 Dungeon Sprint DCSS version 0.19.5 (webtiles) character file.

21 equalderp2856 the Chiller (level 2, 0/15 HPs)
             Began as a Deep Elf Ice Elementalist on Apr 2, 2017.
             Was an Initiate of Gozag.
             Slain by a leopard gecko (3 damage)
             ... in the Dungeon (Sprint VII: "The Pits").
             The game lasted 00:02:17 (592 turns).

equalderp2856 the Chiller (DEIE)                     Turns: 592, Time: 00:02:18

Health: 0/15       AC:  0    Str:  5    XL:     2   Next: 65%
Magic:  9/9        EV: 13    Int: 19    God:    Gozag
Gold:   387        SH:  0    Dex: 15    Spells: 2 memorised, 7 levels left

rFire  . . .     SeeInvis .     (no weapon)
rCold  . . .     Gourm    .     (no armour)
rNeg   . . .     Faith    .     (no shield)
rPois  .         Spirit   .     (no helmet)
rElec  .         Reflect  .     (no cloak)
rCorr  .         Harm     .     (no gloves)
MR     .....     NoTele   +     (no boots)
Stlth  ++........               (no amulet)
                                (no ring)
                                (no ring)

@: no status effects
A: no striking features
a: Potion Petition, Call Merchant, Bribe Branch, Renounce Religion


You were in the Dungeon.
You worshipped Gozag.
Gozag was aware of your devotion.
You were not hungry.

You visited 1 branch You collected 387 gold pieces.

Inventory:

Hand Weapons
 j - a +0 long sword of flaming
 q - a +2 dagger
 r - a +2 falchion
 s - a +2 trident
 t - a +2 hand axe
 u - a +2 quarterstaff
 v - a +2 mace
 z - a +2 hand axe of chopping
 A - a +1 flail of crushing
 B - a +0 trident of piercing
 C - a +1 quarterstaff of protection
 D - a +2 dagger of draining
Missiles
 w - 10 stones (quivered)
Armour
 a - a +0 robe
 E - a +3 scale mail
 F - a +2 plate armour
Magical Staves
 x - an uncursed staff of energy
Scrolls
 i - a scroll of blinking
 l - 3 scrolls of remove curse
 m - 5 scrolls of amnesia
 n - a scroll of summoning
 y - 2 scrolls of vulnerability
Potions
 d - 6 potions of curing
 e - 6 potions of heal wounds
 f - a potion of haste
 g - 4 potions of magic
 h - 3 potions of berserk rage
 k - 2 potions of invisibility
Books
 b - a book of Frost

   Spells                             Type                      Level
   a - Freeze                         Ice                          1
   b - Throw Frost                    Conjuration/Ice              2
   c - Ozocubu's Armour               Charms/Ice                   3
   d - Throw Icicle                   Conjuration/Ice              4
   e - Summon Ice Beast               Ice/Summoning                4
Comestibles
 c - 8 bread rations
 o - 40 fruits
 p - 7 meat rations


   Skills:
 + Level 0.2 Fighting
 + Level 2.9 Dodging
 + Level 3.2 Stealth
 + Level 0.7 Unarmed Combat
 + Level 4.9 Spellcasting
 + Level 1.1 Conjurations
 + Level 5.1 Ice Magic


You had 7 spell levels left.
You knew the following spells:

 Your Spells              Type           Power        Failure   Level  Hunger
a - Freeze                Ice            ###.         1%          1    None
b - Throw Frost           Conj/Ice       ###...       8%          2    #......


Dungeon Overview and Level Annotations

Branches:
Dungeon (1/1)

Altars:
Ashenzari
Cheibriados
Dithmenos
Elyvilon
Fedhas
Gozag
Hepliaklqana
Kikubaaqudgha
Makhleb
Nemelex Xobeh
Okawaru
Qazlal
Ru
Sif Muna
Trog
Uskayaw
Vehumet
Xom
Yredelemnul
Zin
The Shining One
Beogh
Jiyva
Lugonu

Annotations:
D Edmund


Message History

The leopard gecko misses you.
The phantom blinks!
You finish taking off your +0 robe.
Unknown command.
Wear which item? (? for menu, Esc to quit)
The leopard gecko closely misses you.
Keep equipping yourself? [Y]es or [N]o only, please.
Keep equipping yourself?
You start putting on your armour.
You continue putting on your +2 plate armour. x2
The leopard gecko barely misses you.
You continue putting on your +2 plate armour.
The phantom hits you!
Ouch! That really hurt!
The phantom blinks!
The leopard gecko bites you.
* * * LOW HITPOINT WARNING * * *
You continue putting on your +2 plate armour.
The leopard gecko bites you.
You die...
Your body crumbles into a pile of gold.

############ #__________#
#__________#
#____#####'###########++####
######...#.##...............
#....'...'.##......#..#.....
##########l##...............
#.......W..@'...............
#'#####'#####......#..#.....
#.#..#..)'.##...............
#W#..#...#.#####'#####++####
#l#..#####.##.......#
#.#..'...#)##.......#
#.#..'...'.##.......#
#.#..########...<...#
#.#..'.....##.......#


You could see a phantom and a leopard gecko.

Vanquished Creatures
  A gnoll (D)
  An ooze (D)
  A giant cockroach (D)
  A quokka (D)
  2 bats (D)
  A jackal zombie (D)
  A kobold (D)
  A quokka zombie (D)
9 creatures vanquished.

Notes
Turn   | Place    | Note
-------+----------+-------------------------------------------
     0 | D        | equalderp2856 the Deep Elf Ice Elementalist began the quest for the Orb.
     0 | D        | Reached XP level 1. HP: 10/10 MP: 6/6
    37 | D        | Found a radiant altar of Vehumet.
    37 | D        | Found a hide-covered altar of Uskayaw.
    37 | D        | Found an ancient bone altar of Kikubaaqudgha.
    37 | D        | Found a viscous altar of Jiyva.
    37 | D        | Found a hazy altar of Hepliaklqana.
    38 | D        | Found a bloodstained altar of Trog.
    38 | D        | Found a deep blue altar of Sif Muna.
    38 | D        | Found a sacrificial altar of Ru.
    38 | D        | Found a stormy altar of Qazlal.
    38 | D        | Found an iron altar of Okawaru.
    38 | D        | Found a sparkling altar of Nemelex Xobeh.
    38 | D        | Found an opulent altar of Gozag.
    38 | D        | Found a blossoming altar of Fedhas.
    38 | D        | Found a white marble altar of Elyvilon.
    38 | D        | Found a shadowy altar of Dithmenos.
    38 | D        | Found a snail-covered altar of Cheibriados.
    39 | D        | Found a glowing golden altar of the Shining One.
    39 | D        | Found a glowing silver altar of Zin.
    41 | D        | Found a roughly hewn altar of Beogh.
    41 | D        | Found a burning altar of Makhleb.
    41 | D        | Found a basalt altar of Yredelemnul.
    42 | D        | Found a shattered altar of Ashenzari.
    42 | D        | Found a corrupted altar of Lugonu.
    42 | D        | Found a shimmering altar of Xom.
    44 | D        | Became a worshipper of Gozag Ym Sagoz the Greedy
   106 | D        | Reached skill level 4 in Ice Magic
   384 | D        | Reached XP level 2. HP: 15/15 MP: 5/9
   390 | D        | Learned a level 2 spell: Throw Frost
   447 | D        | Reached skill level 5 in Ice Magic
   560 | D        | Noticed a phantom
   561 | D        | Noticed Edmund
   592 | D        | Slain by a leopard gecko

Skill      XL: |  1  2 |
---------------+-------+-----
Ice Magic      | 4 5 |  5.1
Stealth        | 3 |  3.2
Spellcasting   | 4 |  4.9
Fighting       | |  0.2
Dodging        | |  2.9
Unarmed Combat | |  0.7
Conjurations   | |  1.1

Action                   || total
-------------------------++-------
Melee: Unarmed           ||    17
 Cast: Freeze            ||    13
       Throw Frost       ||     3
Armor: Robe              ||     7
Dodge: Dodged            ||    19
